 Dungeon Crawl Stone Soup version 0.25-a0-294-gea9b1ad378 (webtiles) character file.

Game seed: 6939026878931077833, levelgen mode: deterministic

60 mopl the Stinger (level 3, -4/26 HPs)
             Began as a Draconian Venom Mage on Dec 16, 2019.
             Killed from afar by Natasha (10 damage)
             ... with a magic dart
             ... on level 1 of the Dungeon.
             The game lasted 00:04:17 (2319 turns).

mopl the Stinger (Draconian Venom Mage)             Turns: 2319, Time: 00:04:17

Health: -4/26      AC:  5    Str: 10    XL:     3   Next: 82%
Magic:  0/6        EV: 12    Int: 16    God:
Gold:   11         SH:  0    Dex: 11    Spells: 4/7 levels left

rFire    . . .     SeeInvis .   (no weapon)
rCold    . . .     Gourm    .   (no shield)
rNeg     . . .     Faith    .   (armour unavailable)
rPois    .         Spirit   +   (helmet restricted)
rElec    .         Reflect  .   (no cloak)
rCorr    +         Harm     .   (no gloves)
MR       .....                  (no boots)
Stlth    ++........             f - amulet of guardian spirit
HPRegen  0.08/turn              k - ring of resist corrosion
MPRegen  0.10/turn              (no ring)

@: very slightly contaminated
A: unfitting armour, cold-blooded, AC +5
a: no special abilities


You were on level 1 of the Dungeon.
You were very hungry.

You visited 1 branch of the dungeon, and saw 2 of its levels.

You collected 11 gold pieces.

Inventory:

Jewellery
 f - an amulet of guardian spirit (around neck)
 k - a ring of resist corrosion (left hand)
Scrolls
 g - a scroll of remove curse {unknown}
 i - a scroll of fear {unknown}
 j - a scroll of blinking {unknown}
 l - 2 scrolls of identify {unknown}
 m - a scroll of teleportation {unknown}
Potions
 a - a potion of lignification {unknown}
 c - 3 potions of heal wounds {unknown}
 d - a potion of berserk rage {unknown}
 e - 2 potions of might {unknown}
 n - a potion of haste {unknown}
Comestibles
 b - 3 rations


   Skills:
 - Level 1.7 Dodging
 - Level 1.7 Stealth
 + Level 2.6 Spellcasting
 + Level 2.0 Transmutations
 + Level 1.2 Air Magic
 + Level 3.5 Poison Magic


You had 4 spell levels left.
You knew the following spells:

 Your Spells              Type           Power        Failure   Level  Hunger
a - Sting                 Tmut/Pois      ##..         6%          1    #......
b - Poisonous Vapours     Pois/Air       #.....       11%         2    ##.....

Your spell library contained the following spells:

 Spells                   Type           Power        Failure   Level  Hunger
 Ignite Poison            Fire/Tmut/Pois #.......     26%         3    ###....
 Mephitic Cloud           Conj/Pois/Air  #.......     30%         3    ###....
 Olgreb's Toxic Radiance  Pois           ##......     41%         4    #####..


Dungeon Overview and Level Annotations

Branches:
Dungeon (2/15)

Altars:

Annotations:
D:1 Natasha


Innate Abilities, Weirdness & Mutations

Your plain brown scales are hard. (AC +5)
You cannot fit into any form of body armour.
You are cold-blooded and may be slowed by cold attacks.


Message History

Unknown command.
Casting: Sting (safe; 6% risk of failure)
Confirm with . or Enter, or press ? or * to list all spells.
You don't have enough magic to cast that spell.
Unknown command.
Unknown command.
You barely miss Natasha.
Your tail-slap misses Natasha.
Natasha is moderately wounded.
Natasha claws you.
You closely miss Natasha.
Natasha is heavily wounded.
Natasha closely misses you.
You completely miss Natasha.
Natasha is heavily wounded.
Natasha claws you.
Natasha looks more healthy.
Natasha claws you.
* * * LOW HITPOINT WARNING * * *
Natasha stares at you and mumbles some strange words.
The magic dart hits you!
You die...

......(P...PP.#####....#####...##
......P♣....P......♣.♣.♣.♣.♣.♣..#
......P♣....♣..###..............#
.....PP♣P.P♣.P## ##♣#♣.♣.♣.♣.♣#.#
........♣♣♣P..# #.######.#.#
.......P♣♣P..## #.#....#.#.#
...........P## #.#......#.#
........##############.########.#
........).......@.h............>#
..#########..#####.#.#.########.#
#..# ##.# #...#.#.#......#.#
##.#########.# #.#.#.#.#.###.##.#
##.#<..#..##.###.#5#.#.#.###.##.#
)..#..#.##.#.#≈.##.#.#.#.....##.#
##.#.###≈≈#.#...##.#.#.####..##..
)#.#..#.###.#≈.#.#.#.#.......####
.#.##.##.#§....§.#.#.#.###.......


You could see Natasha.

Vanquished Creatures
  Natasha (D:1)
  2 dart slugs (D:1)
  2 bats (D:1)
  2 giant cockroaches
  2 goblins
  2 hobgoblins (D:1)
  8 jackals (D:1)
  4 frilled lizards
  5 kobolds
  2 rats
  A bush (D:1)
  A plant (D:1)
32 creatures vanquished.

Notes
Turn   | Place    | Note
-------+----------+-------------------------------------------
     0 | D:1      | mopl the Draconian Venom Mage began the quest for the Orb.
     0 | D:1      | Reached XP level 1. HP: 14/14 MP: 3/3
   406 | D:1      | Reached XP level 2. HP: 20/20 MP: 5/5
   454 | D:1      | Learned a level 2 spell: Poisonous Vapours
  1077 | D:2      | Noticed Natasha
  1090 | D:1      | Killed Natasha
  1090 | D:1      | Reached XP level 3. HP: 14/26 MP: 0/6
  1235 | D:2      | Reached skill level 1 in Air Magic
  1328 | D:1      | Reached skill level 2 in Transmutations
  2307 | D:1      | Noticed Natasha
  2319 | D:1      | Killed from afar by Natasha

Levels and vault maps discovered:
D:1:      dpeg_arrival_brainrot, layout_basic, serial_forest,
          infiniplex_forest_clump_double, infiniplex_forest_lined_3,
          infiniplex_forest_end_2, infiniplex_forest_straight_2,
          infiniplex_forest_clump_small, infiniplex_forest_clump_C,
          infiniplex_forest_fountain, infiniplex_forest_zigzag_1,
          infiniplex_forest_end_2
D:2:      layout_rooms, chequers_ecumenical_altar_twisty, uniq_natasha

Skill      XL: |  1  2  3 |
---------------+----------+-----
Air Magic      | 1 |  1.2
Transmutations | 2 |  2.0
Dodging        | |  1.7
Stealth        | |  1.7
Spellcasting   | |  2.6
Poison Magic   | |  3.5

Action                   || total
-------------------------++-------
Melee: Unarmed           ||   782
       Tailslap          ||   160
 Cast: Sting             ||    55
       Poisonous Vapours ||     1
 Stab: Sleeping          ||     1
  Eat: Chunk             ||     6
Armor: Skin              ||    29
Dodge: Dodged            ||    59

Table legend:
 A = Non-vault XP
 B = Vault XP
 C = Vault XP percentage of total XP
 D = Non-vault monster count
 E = Vault monster count
 F = Vault count percentage of total count
                 A         B        C        D         E       F
            +---------+---------+-------+---------+---------+-------
      Total |      49 |      38 |  43.7 |      28 |       2 |   6.7
            +---------+---------+-------+---------+---------+-------
        D:1 |      42 |      38 |  47.5 |      23 |       2 |   8.0
        D:2 |       7 |       0 |   0.0 |       5 |       0 |   0.0
            +---------+---------+-------+---------+---------+-------
